 Dungeon Crawl Stone Soup version 0.28-a0-1344-g6b9ff3a05d (webtiles) character file.

Game seed: 17528768295019278107

5365 Conn the Firebug (level 10, 0/66 HPs)
             Began as an Octopode Fire Elementalist on Dec 29, 2021.
             Was a Believer of Sif Muna.
             Slain by a shadow (19 damage)
             ... on level 10 of the Dungeon.
             The game lasted 00:23:18 (11316 turns).

Conn the Firebug (Octopode Fire Elementalist)      Turns: 11316, Time: 00:23:19

Health: 0/66       AC:  7    Str:  8    XL:     10   Next: 65%
Magic:  18/21      EV: 14    Int: 24    God:    Sif Muna [**....]
Gold:   403        SH:  8    Dex: 14    Spells: 6/24 levels left

rFire   . . .      SeeInvis .   i - +1 dagger (vorpal)
rCold   . . .      Faith    .   B - +3 buckler
rNeg    . . .      Spirit   .   b - +0 hat {Will+}
rPois   .          Reflect  .   (no amulet)
rElec   .          Harm     .   f - +4 ring of slaying
rCorr   .          Rampage  .   k - +4 ring of protection
Will    +....                   (no ring)
Stlth   ++++......              (no ring)
HPRegen 0.21/turn               (no ring)
MPRegen 0.17/turn               (no ring)
                                (no ring)
                                (no ring)

@: no status effects
A: almost no armour, amphibious, 8 rings, camouflage 1, gelatinous body 1,
(nimble swimmer 1), tentacles, iridescent scales 1, agile 1, clever 1, robust 1,
wild magic 1
a: Renounce Religion, Channel Magic


You were on level 10 of the Dungeon.
You worshipped Sif Muna.
Sif Muna was pleased with you.
You visited 2 branches of the dungeon, and saw 11 of its levels.

You collected 403 gold pieces.

Inventory:

Hand Weapons
 a - a +0 dagger
 i - a +1 vorpal dagger (weapon)
Missiles
 w - 16 poisoned darts (quivered)
 y - 2 curare-tipped darts
 A - 2 atropa-tipped darts
Armour
 b - a +0 hat of willpower (worn)
 B - a +3 buckler (worn)
Magical Staves
 j - a staff of cold
Jewellery
 f - a +4 ring of slaying (left tentacle)
 k - a +4 ring of protection (right tentacle)
Wands
 l - a wand of flame (42)
 q - a wand of iceblast (11)
 F - a wand of polymorph (13)
Scrolls
 g - 2 scrolls of fear
 m - a scroll of holy word {unknown}
 p - a scroll of silence
 r - 2 scrolls of amnesia
 x - 3 scrolls of teleportation
 z - a scroll of acquirement {unknown}
 D - a scroll of fog {unknown}
 E - a scroll of noise {unknown}
Potions
 e - 2 potions of flight
 h - a potion of ambrosia
 n - a potion of berserk rage
 s - 3 potions of curing
 t - a potion of cancellation
 u - 4 potions of mutation
 v - a potion of resistance
 C - a potion of haste {unknown}


   Skills:
 + Level 2.0 Fighting
 + Level 3.3 Short Blades
 + Level 0.2 Throwing
 + Level 3.3 Dodging
 + Level 5.1 Stealth
 * Level 4.5 Shields
 + Level 7.9 Spellcasting
 + Level 6.7 Conjurations
 + Level 2.7 Hexes
 * Level 0.4 Summonings
 + Level 7.9 Fire Magic
 * Level 0.4 Ice Magic
 * Level 0.9 Air Magic
 * Level 0.5 Poison Magic
 * Level 1.0 Invocations


You had 6 spell levels left.
You knew the following spells:

 Your Spells              Type           Power      Damage    Failure   Level
a - Foxfire               Conj/Fire      100%       2x1d9     1%          1
b - Conjure Flame         Conj/Fire      55%        6-21      2%          3
c - Inner Flame           Hex/Fire       45%        N/A       4%          3
d - Flame Wave            Conj/Fire      55%        2d9       5%          4
e - Scorch                Fire           100%       2d10      1%          2
f - Mephitic Cloud        Conj/Pois/Air  29%        N/A       10%         3
g - Call Imp              Summ           15%        N/A       13%         2

Your spell library contained the following spells:

 Spells                   Type           Power      Damage    Failure   Level
 Magic Dart               Conj           100%       1d8       1%          1
 Apportation              Tloc           24%        N/A       11%         1
 Alistair's Intoxication  Tmut/Pois      9%         N/A       89%         5


Dungeon Overview and Level Annotations

Branches:
Dungeon (10/15)            Temple (1/1) D:4             Orc (0/2) D:10
   Lair: D:8-11

Altars:
Fedhas
Gozag
Hepliaklqana
Kikubaaqudgha
Ru
Sif Muna
Trog
Zin
The Shining One

Shops:
D:4 *   D:5 !   D:9 *

Annotations:
D:7 2 transporters, fly's ghost, novice FoDe


Innate Abilities, Weirdness & Mutations

You cannot wear most types of armour.
You are amphibious.
You can wear up to eight rings at the same time.
Your skin changes colour to match your surroundings (Stealth+).
Your rubbery body absorbs attacks. (AC +1, EV +1)
((You are camouflaged when in or above water. (Stealth+)))
You have tentacles for arms and can constrict up to eight enemies at once.
You are partially covered in iridescent scales. (AC +2)
You are agile. (Dex +2)
Your mind is acute. (Int +2)
You are robust. (+10% HP)
Your spells are a little harder to cast, but a little more powerful.


Message History

t - Shout!
Orders for allies: a - Attack new target. r - Retreat! s - Stop attacking. g - Guard the area. f - Follow me.
Anything else - Cancel.
Guard this area!
The shadow strikes at you from the darkness!
Reactivating autopickup.
Your shadow imp hits the orc zombie.
The orc zombie hits your shadow imp but does no damage.
Magic courses through your body.
The shadow slips into darkness.
The shadow flickers and vanishes!
Deactivating autopickup; reactivate with Ctrl-A.
Your shadow imp hits the orc zombie.
Something barely misses your shadow imp.
Your magical contamination has completely faded away.
Casting: Call Imp (safe; 13% risk of failure)
Confirm with . or Enter, or press ? or * to list all spells.
Casting: Flame Wave (dangerous; 5% risk of failure)
Press: ? - help, Dir - look around, f - activate A wave of flame ripples out!
The flame wave engulfs something. (Press . to intensify the flame waves.)
The shadow strikes at you from the darkness!
* * * LOW HITPOINT WARNING * * *
Reactivating autopickup.
A goblin skeleton comes into view.
Casting: Flame Wave (dangerous; 5% risk of failure)
Confirm with . or Enter, or press ? or * to list all spells.
Okay, then.
Unknown command.
Unknown command.
The shadow slips into darkness.
The shadow flickers and vanishes!
Deactivating autopickup; reactivate with Ctrl-A.
Your shadow imp hits something but does no damage.
The orc zombie hits your shadow imp.
You see here 15 stones.
The shadow strikes at you from the darkness!
You die...

.>.. .. ##.Z .. #......
.Z. .# #..... ...Z#.#
#####....#
#Z#...###..##....# #.
#..##......##....#
#.##.##..###.###....#
#Z....#Z#.Z(@##....####
###Z.###.#.##.........#
###ZZ..5#.###.......###
#..#####.##..........
#### #### ###...#####..
#..###########.....#
#..#
#..................#
#..# #.....#
########..# #..#
#.<...# #..# #..#


You could see an ogre zombie and a friendly shadow imp (summoned).

Vanquished Creatures
  Gastronok (D:9)
  A tengu conjurer (D:9)
  A troll (D:9)
  A shadow (D:10)
  A wraith (D:9)
  A wyvern (D:9)
  A steam dragon (D:9)
  A warg (D:10)
  An acid dragon (D:9)
  A water moccasin (D:7)
  An orc warrior (D:9)
  3 sky beasts
  4 ogres
  5 centaurs
  5 bullfrogs
  A gnoll sergeant (D:5)
  4 scorpions
  A water moccasin zombie (D:5)
  A troll zombie (D:10)
  3 wights (D:8)
  2 howler monkeys (D:10)
  2 bullfrog zombies
  2 centaur zombies
  2 hounds
  A gnoll shaman (D:6)
  3 bullfrog skeletons
  3 orc priests
  A jelly (D:7)
  2 centaur skeletons
  3 iguanas
  Jessica (D:2)
  Natasha (D:2)
  4 orc wizards
  2 howler monkey zombies
  Robin (D:2)
  5 adders
  8 gnolls
  A shadow imp (D:7)
  A white imp (D:8)
  An ufetubus (D:6)
  18 orcs
  6 ball pythons
  6 bats
  3 endoplasms
  3 giant cockroaches
  9 goblins
  11 hobgoblins
  9 jackals
  3 kobolds (D:1)
  5 quokkas
  5 frilled lizards
  A goblin zombie (D:10)
  A hobgoblin zombie (D:10)
  2 orc zombies (D:10)
  7 rats
173 creatures vanquished.

Vanquished Creatures (collateral kills)
  4 foxfires
4 creatures vanquished.

Vanquished Creatures (others)
  714 foxfires
  2 fungi (D:2)
  26 plants
742 creatures vanquished.

Grand Total: 919 creatures vanquished

Notes
Turn   | Place    | Note
-------+----------+-------------------------------------------
     0 | D:1      | Conn the Octopode Fire Elementalist began the quest for the
                  | Orb.
     0 | D:1      | Reached XP level 1. HP: 11/11 MP: 3/3
   339 | D:1      | Reached XP level 2. HP: 17/17 MP: 3/5
  1107 | D:1      | Reached XP level 3. HP: 21/21 MP: 6/6
  1853 | D:2      | Noticed Robin
  1895 | D:2      | Killed Robin
  1971 | D:1      | Learned a level 3 spell: Conjure Flame
  1975 | D:1      | Learned a level 3 spell: Inner Flame
  2058 | D:2      | Reached XP level 4. HP: 27/27 MP: 5/8
  2084 | D:2      | Noticed Natasha
  2089 | D:2      | Killed Natasha
  2167 | D:2      | Found a faded altar of an unknown god.
  2231 | D:2      | Noticed Jessica
  2236 | D:2      | Killed Jessica
  2327 | D:2      | Reached XP level 5. HP: 31/31 MP: 3/9
  3104 | D:3      | Reached XP level 6. HP: 36/36 MP: 7/11
  3868 | D:3      | Learned a level 4 spell: Flame Wave
  4246 | D:4      | Found a staircase to the Ecumenical Temple.
  4260 | D:4      | Reached XP level 7. HP: 34/41 MP: 5/13
  4277 | Temple   | Entered the Ecumenical Temple
  4374 | Temple   | Became a worshipper of Sif Muna the Loreminder
  4387 | D:4      | Found Difridi's Assorted Antiques.
  4660 | D:5      | Entered Level 5 of the Dungeon
  4927 | D:5      | Reached skill level 5 in Fire Magic
  5046 | D:5      | Reached skill level 1 in Short Blades
  5046 | D:5      | Reached skill level 5 in Spellcasting
  5069 | D:5      | Reached XP level 8. HP: 41/47 MP: 11/15
  5213 | D:5      | HP: 2/47 [ogre (23)]
  6137 | D:6      | Found an ancient bone altar of Kikubaaqudgha.
  6311 | D:6      | Reached * piety under Sif Muna
  6541 | D:6      | Reached skill level 1 in Fighting
  6541 | D:6      | Reached skill level 5 in Conjurations
  6728 | D:5      | Gained mutation: You have hidden genetic potential. [potion
                  | of mutation]
  6728 | D:5      | Gained mutation: You are agile. (Dex +2) [potion of
                  | mutation]
  6728 | D:5      | Gained mutation: You are robust. (+10% HP) [potion of
                  | mutation]
  6728 | D:5      | Gained mutation: Your mind is acute. (Int +2) [potion of
                  | mutation]
  7060 | D:5      | Reached skill level 1 in Shields
  7060 | D:5      | Reached XP level 9. HP: 58/58 MP: 12/18
  7146 | D:5      | Found Bouf's Distillery.
  7759 | D:7      | Noticed fly's ghost (novice FoDe)
  7763 | D:7      | Found a transporter.
  7765 | D:7      | Noticed a white ugly thing
  7829 | D:7      | Found a transporter.
  7878 | D:7      | Reached ** piety under Sif Muna
  8790 | D:8      | Gained mutation: Your spells are a little harder to cast,
                  | but a little more powerful. [hidden potential]
  9670 | D:9      | Reached skill level 5 in Stealth
  9670 | D:9      | Reached skill level 1 in Hexes
  9819 | D:9      | Reached XP level 10. HP: 44/63 MP: 20/20
 10293 | D:9      | Noticed Gastronok
 10689 | D:9      | Found Emom's General Store.
 10876 | D:9      | Killed Gastronok
 10892 | D:9      | Gained mutation: You are partially covered in iridescent
                  | scales. (AC +2) [hidden potential]
 10892 | D:9      | Lost mutation: You have hidden genetic potential. [hidden
                  | potential expressed]
 11049 | D:10     | Entered Level 10 of the Dungeon
 11084 | D:9      | Learned a level 2 spell: Scorch
 11088 | D:9      | Learned a level 3 spell: Mephitic Cloud
 11091 | D:9      | Learned a level 2 spell: Call Imp
 11284 | D:10     | Found a staircase to the Orcish Mines.
 11291 | D:10     | Reached skill level 1 in Invocations
 11316 | D:10     | Slain by a shadow

Illustrated notes

Levels and vault maps discovered:
D:1:      eino_arrival_tree_alley, layout_basic, grunt_decor_cap,
          serial_park_tiny_pond
D:2:      layout_basic, shapermc_ecumenical_altar_acropolis, uniq_jessica,
          uniq_natasha, uniq_robin
D:3:      layout_basic
D:4:      layout_cave_pools, minmay_temple_entry_hall, serial_shops,
          nicolae_shop_crystal, st_stairs_12
D:5:      layout_loops_ring, serial_shops, nicolae_stop_n_shop_1,
          grunt_tough_drop
D:6:      layout_basic, kiku_gazebo_pond_becter, minmay_misc_feat_x
D:7:      layout_basic, nzn_ghost_randoct
D:8:      layout_basic, minmay_stone_trees_small, grunt_decor_junction,
          hangedman_decor_push
D:9:      layout_long_grid, serial_shops, shop, patterned_corridor,
          uniq_gastronok, uniq_psyche
D:10:     lemuel_castle_with_subvaults [lemuel_castle_interior_carwin_2],
          layout_irregular_city, zombieorc1_lemuel
Temple:   compressed_dpeg_triangle_lava_temple

Skill      XL: |  1  2  3  4  5  6  7  8  9 10 |
---------------+-------------------------------+-----
Stealth        | 3 4 5 |  5.1
Spellcasting   | 3 4 5 6 7 |  7.9
Fire Magic     | 4 5 6 7 |  7.9
Conjurations   | 2 3 4 5 6 |  6.7
Short Blades   | 1 3 |  3.3
Dodging        | 3 |  3.3
Fighting       | 1 2 |  2.0
Shields        | 1 3 4 |  4.5
Hexes          | 1 2 |  2.7
Invocations    | 1 |  1.0
Throwing       | |  0.2
Summonings     | |  0.4
Ice Magic      | |  0.4
Air Magic      | |  0.9
Poison Magic   | |  0.5

Action                   |  1- 3 |  4- 6 |  7- 9 | 10-12 || total
-------------------------+-------+-------+-------+-------++-------
Melee: Dagger            |    24 |    25 |    68 |     7 ||   124
       Constrict         |     5 |     9 |    14 |     2 ||    30
       Unarmed           |     2 |       |       |       ||     2
       Tentacles         |     7 |     4 |    12 |     1 ||    24
Throw: Dart              |       |       |     3 |       ||     3
 Cast: Foxfire           |    64 |    86 |   197 |    75 ||   422
       Inner Flame       |       |     1 |    14 |    14 ||    29
       Conjure Flame     |       |       |     3 |       ||     3
       Flame Wave        |       |       |     5 |     2 ||     7
       Call Imp          |       |       |       |     2 ||     2
Invok: Channel Magic     |       |       |       |     1 ||     1
Evoke: Wand              |       |       |     1 |       ||     1
  Use: Potion            |       |     1 |     2 |     1 ||     4
       Scroll            |       |       |    14 |     2 ||    16
 Stab: Sleeping          |     2 |       |     7 |       ||     9
Armor: Skin              |     2 |     7 |    34 |     2 ||    45
Dodge: Dodged            |    26 |    24 |    53 |     5 ||   108
Block: Buckler           |       |       |    17 |     5 ||    22

Table legend: (Time is in decaauts)
 A = Elapsed time spent in this place.
 B = Non-inter-level travel time spent in this place.
 C = Inter-level travel time spent in this place.
 D = Time resting spent in this place.
 E = Time spent auto-exploring this place.
 F = Levels seen in this place.
 G = Mean time per level.
                   A        B        C        D        E       F      G
               +--------+--------+--------+--------+--------+-----+--------+
         Total |  11315 |  11076 |    239 |    563 |   8361 |  11 | 1028.6 |
       Dungeon |  11208 |  10976 |    232 |    563 |   8274 |  10 | 1120.8 |
        Temple |    106 |     99 |      7 |      0 |     87 |   1 |  106.0 |
               +--------+--------+--------+--------+--------+-----+--------+

Top non-repeatable levels by time:
     D:9: 1714 daAuts
     D:1: 1615 daAuts
     D:6: 1498 daAuts
     D:5: 1271 daAuts
     D:3: 1268 daAuts
     D:7: 1016 daAuts
     D:2: 1001 daAuts
     D:8: 926 daAuts
     D:4: 669 daAuts
    D:10: 226 daAuts
  Temple: 106 daAuts
